 Dungeon Crawl Stone Soup version 0.19.4-8-ga85b6b9 (webtiles) character file.

3521 Jynx the Carver (level 9, 0/82 HPs)
             Began as a Minotaur Fighter on Feb 8, 2017.
             Killed from afar by emsyzz's ghost (12 damage)
             ... with a puff of flame
             ... on level 8 of the Dungeon.
             The game lasted 00:13:00 (6771 turns).

Jynx the Carver (Minotaur Fighter)                  Turns: 6771, Time: 00:13:01

Health: 0/82       AC: 11    Str: 21    XL:     9   Next: 81%
Magic:  8/8        EV: 13    Int:  5    God:
Gold:   429        SH:  0    Dex: 13    Spells: 0 memorised, 8 levels left

rFire  . . .     SeeInvis .     t - +2 rapier
rCold  . . .     Gourm    .     b - +0 scale mail
rNeg   . . .     Faith    .     (no shield)
rPois  .         Spirit   .     (helmet restricted)
rElec  .         Reflect  .     e - +1 cloak
rCorr  .         Harm     .     r - +0 pair of gloves
MR     .....                    (no boots)
Stlth  ..........               (no amulet)
                                (no ring)
                                (no ring)

@: liquid flames, very slightly contaminated, hasted, glowing, drained, very
quick
A: retaliatory headbutt, horns 2
a: no special abilities


You were on level 8 of the Dungeon.
You were hungry.

You visited 2 branches of the dungeon, and saw 9 of its levels.
You also visited: Ossuary.

You collected 429 gold pieces.

Inventory:

Hand Weapons
 a - a +0 long sword
 t - a +2 rapier (weapon)
 G - a +0 scimitar
Armour
 b - a +0 scale mail (worn)
 c - a +0 shield
 e - a +1 cloak (worn)
 r - a +0 pair of gloves (worn)
Wands
 m - a wand of paralysis (8/24)
 p - a wand of slowing (22/48)
 y - a wand of iceblast (6/15)
 A - a wand of iceblast (4/15)
 D - a wand of random effects (19/48)
Scrolls
 g - 4 scrolls of remove curse
 w - 2 scrolls of enchant armour
Potions
 d - a potion of might
 h - a potion of agility {unknown}
 i - 4 potions of cancellation
 k - a potion of curing
 l - 2 potions of mutation
 o - a potion of cure mutation
 q - a potion of resistance {unknown}
 v - 4 potions of flight
 x - 3 potions of invisibility {unknown}
 z - 4 potions of heal wounds {unknown}
 E - a potion of ambrosia {unknown}
Books
 u - a book of Maledictions

   Spells                             Type                      Level
   a - Corona                         Hexes                        1
   b - Ensorcelled Hibernation        Hexes/Ice                    2
   c - Confuse                        Hexes                        3
   d - Tukima's Dance                 Hexes                        3
   e - Dazzling Spray                 Conjuration/Hexes            3
Comestibles
 f - 6 bread rations
 j - a royal jelly
 n - 6 meat rations
 B - 5 fruits
 C - 3 beef jerkies
 F - 3 chunks of flesh


   Skills:
 + Level 8.6(7.4) Fighting
 * Level 10.8(9.6) Long Blades
 + Level 8.1(6.9) Armour
 + Level 6.6(5.5) Dodging
 - Level 3.6(2.5) Shields


You had 8 spell levels left.
You didn't know any spells.

Dungeon Overview and Level Annotations

Branches:
Dungeon (8/15)             Temple (1/1) D:6
   Lair: D:8-11

Altars:
Cheibriados
Fedhas
Gozag
Hepliaklqana
Kikubaaqudgha
Makhleb
Nemelex Xobeh
Qazlal
Sif Muna
Trog
Uskayaw
Vehumet
Xom
Zin
The Shining One

Shops:
D:6 =

Annotations:
D:8 emsyzz's ghost, novice DEFE


Innate Abilities, Weirdness & Mutations

You reflexively headbutt those who attack you in melee.
You have a pair of horns on your head.


Message History

* * * LOW HITPOINT WARNING * * *
Unknown command.
You barely miss emsyzz's ghost.
Emsyzz's ghost is severely damaged.
You are covered in liquid flames!
* * * LOW HITPOINT WARNING * * *
Emsyzz's ghost gestures at you while chanting.
The puff of flame hits you!
* * * LOW HITPOINT WARNING * * *
You feel better.
You are covered in liquid flames!
* * * LOW HITPOINT WARNING * * *
Your scale mail prevents you from hitting emsyzz's ghost.
Your headbutt misses emsyzz's ghost.
Emsyzz's ghost is severely damaged.
You are covered in liquid flames!
* * * LOW HITPOINT WARNING * * *
Emsyzz's ghost casts a spell at you. The puff of flame hits you!
You die...

##### #....## .
#....)#####....
#...#.@W.......
#.. #######....
... . ?##


You could see emsyzz's ghost.

Vanquished Creatures
  The ghost of sheala the Sneak, a novice DEEn (Ossuary)
  Eustachio (D:4)
  The ghost of Bavatarro the Ruffian, an amateur DrTm of Okawaru (D:4)
  Menkaure (D:4)
  Duvessa (D:6)
  A hornet zombie (D:6)
  An orc warrior (D:7)
  2 phantoms
  2 ogres
  A necrophage (D:7)
  5 centaurs
  An elf zombie (Ossuary)
  Blork the orc (D:5)
  4 bullfrogs
  Dowan (D:6)
  A scorpion (D:6)
  A howler monkey (D:8)
  A bullfrog zombie (D:7)
  5 crimson imps
  2 human zombies (Ossuary)
  3 orc priests
  2 bullfrog skeletons
  A centaur zombie (D:6)
  6 orc wizards
  A gnoll shaman (D:7)
  5 hounds
  An iguana (D:4)
  4 worker ants
  A big kobold zombie (Ossuary)
  A hound skeleton (D:6)
  2 mummies (Ossuary)
  13 gnolls
  8 adders
  2 shadow imps
  2 adder zombies
  2 worms
  A dart slug (D:2)
  5 leopard geckos
  20 orcs
  A ball python (D:4)
  10 bats
  3 giant cockroaches
  8 goblins
  A hobgoblin (D:3)
  6 jackals (D:1)
  2 quokkas (D:5)
  10 frilled lizards
  12 hobgoblin zombies (Ossuary)
  A jackal skeleton (D:6)
  2 jackal zombies (Ossuary)
  5 kobolds
  8 kobold zombies (Ossuary)
  7 orc zombies (Ossuary)
  4 rats
  2 rat zombies (Ossuary)
196 creatures vanquished.

Notes
Turn   | Place    | Note
-------+----------+-------------------------------------------
     0 | D:1      | Jynx the Minotaur Fighter began the quest for the Orb.
     0 | D:1      | Reached XP level 1. HP: 19/19 MP: 0/0
   153 | D:1      | Reached XP level 2. HP: 23/27 MP: 1/1
   506 | D:1      | Reached skill level 3 in Long Blades
   693 | D:2      | Reached XP level 3. HP: 33/33 MP: 2/2
   703 | D:2      | Reached skill level 1 in Dodging
   859 | D:2      | Reached XP level 4. HP: 40/40 MP: 3/3
   874 | D:2      | Reached skill level 4 in Long Blades
   898 | D:2      | Found an opulent altar of Gozag.
   941 | D:2      | Found a faded altar of an unknown god.
  1069 | D:2      | Found a deep blue altar of Sif Muna.
  1784 | D:3      | Reached XP level 5. HP: 20/47 MP: 4/4
  2312 | D:4      | Noticed Menkaure
  2320 | D:4      | Killed Menkaure
  2320 | D:4      | Reached skill level 5 in Fighting
  2320 | D:4      | Reached skill level 5 in Long Blades
  2320 | D:4      | Reached XP level 6. HP: 14/56 MP: 5/5
  2999 | D:4      | Noticed Eustachio
  3024 | D:4      | Killed Eustachio
  3024 | D:4      | Reached skill level 6 in Long Blades
  3024 | D:4      | Reached skill level 5 in Armour
  3024 | D:4      | Reached XP level 7. HP: 55/61 MP: 6/6
  3074 | D:4      | Noticed Bavatarro's ghost (amateur DrTm)
  3089 | D:4      | Killed Bavatarro's ghost
  3396 | D:5      | Entered Level 5 of the Dungeon
  3419 | D:5      | Reached skill level 7 in Long Blades
  3457 | D:5      | Found a sand-covered staircase.
  3465 | Ossuary  | Entered an ossuary
  3485 | Ossuary  | Noticed sheala's ghost (novice DEEn)
  3510 | Ossuary  | Killed sheala's ghost
  3510 | Ossuary  | Reached XP level 8. HP: 48/71 MP: 7/7
  3640 | Ossuary  | Reached skill level 8 in Long Blades
  3920 | D:5      | Found a hazy altar of Hepliaklqana.
  4107 | D:5      | Noticed Blork the orc
  4117 | D:5      | Killed Blork the orc
  4117 | D:5      | Reached skill level 5 in Dodging
  4362 | D:5      | Found a glowing golden altar of the Shining One.
  4471 | D:5      | Reached skill level 9 in Long Blades
  4749 | D:5      | Found a glowing silver altar of Zin.
  4881 | D:6      | Reached XP level 9. HP: 72/79 MP: 8/8
  4910 | D:6      | Found a blossoming altar of Fedhas.
  4911 | D:6      | Noticed Duvessa
  4911 | D:6      | Noticed Dowan
  4917 | D:6      | Killed Duvessa
  4922 | D:6      | Killed Dowan
  5353 | D:6      | Reached skill level 10 in Long Blades
  5490 | D:6      | Found Runum's Jewellery Shop.
  5590 | D:6      | Found a sparkling altar of Nemelex Xobeh.
  5622 | D:6      | Found a staircase to the Ecumenical Temple.
  5628 | Temple   | Entered the Ecumenical Temple
  6747 | D:8      | Noticed emsyzz's ghost (novice DEFE)
  6771 | D:8      | Killed from afar by emsyzz's ghost

Skill      XL: |  1  2  3  4  5  6  7  8  9 |
---------------+----------------------------+-----
Fighting       | 4 5 6 7 8 |  8.6
Long Blades    | 3 4 5 6 7 9 10 | 10.8
Armour         | 4 5 6 7 8 |  8.1
Dodging        | 1 2 3 4 5 6 |  6.6
Shields        | |  3.6

Action                   |  1- 3 |  4- 6 |  7- 9 || total
-------------------------+-------+-------+-------++-------
Melee: Long sword        |    53 |    20 |       ||    73
       Headbutt          |     5 |    24 |    93 ||   122
       Rapier            |       |   107 |   487 ||   594
  Use: Scroll            |       |    12 |     6 ||    18
       Potion            |       |       |     2 ||     2
  Eat: Chunk             |       |     6 |    13 ||    19
Armor: Scale mail        |    35 |    56 |   216 ||   307
Dodge: Dodged            |    45 |    68 |   289 ||   402
       Rpst.: Long sword |     8 |     2 |       ||    10
